 Dungeon Crawl Stone Soup version 0.28-a0-1524-ge72afd5fc6 (webtiles) character file.

Game seed: 11496442771071558899

370 sbbq2022 the Ruffian (level 6, 0/57 HPs)
             Began as a Troll Conjurer on Jan 18, 2022.
             Slain by a jelly (2 damage)
             ... on level 5 of the Dungeon.
             The game lasted 00:03:01 (2869 turns).

sbbq2022 the Ruffian (Troll Conjurer)               Turns: 2869, Time: 00:03:01

Health: 0/57       AC:  7    Str: 16    XL:     6   Next: 42%
Magic:  6/6        EV: 10    Int: 16    God:
Gold:   219        SH:  0    Dex: 10    Spells: 6/7 levels left

rFire   . . .      SeeInvis .     - Unarmed
rCold   . . .      Faith    .   (no shield)
rNeg    . . .      Spirit   .   a - +0 robe
rPois   .          Reflect  .   (helmet restricted)
rElec   .          Harm     .   (no cloak)
rCorr   .          Rampage  .   (gloves unavailable)
Will    .....                   (boots unavailable)
Stlth   +.........              (no amulet)
HPRegen 0.99/turn               (no ring)
MPRegen 0.10/turn               (no ring)

@: mighty, lethally poisoned (0 -> -2), hasted, very quick
A: large, unfitting armour, claws 3, regeneration 1, shaggy fur 2, tough skin 1,
iridescent scales 1, agile 1
a: no special abilities


You were on level 5 of the Dungeon.
You visited 1 branch of the dungeon, and saw 5 of its levels.

You collected 219 gold pieces.

Inventory:

Armour
 a - a +0 robe (worn)
Jewellery
 d - a ring of ice
 m - a ring of protection from fire
Scrolls
 b - 3 scrolls of teleportation {unknown}
 c - 7 scrolls of identify {unknown}
 f - 2 scrolls of vulnerability {unknown}
 g - a scroll of enchant weapon {unknown}
 h - a scroll of fear {unknown}
 i - a scroll of magic mapping {unknown}
 j - a scroll of enchant armour {unknown}
Potions
 e - 2 potions of mutation
 l - a potion of haste
 n - a potion of lignification {unknown}


   Skills:
 + Level 2.1 Fighting
 + Level 2.1 Armour
 + Level 2.9 Dodging
 - Level 1.0 Stealth
 * Level 3.9 Unarmed Combat
 - Level 1.2 Spellcasting
 - Level 2.9 Conjurations


You had 6 spell levels left.
You knew the following spells:

 Your Spells              Type           Power      Damage    Failure   Level
a - Magic Dart            Conj           40%        1d5       7%          1

Your spell library contained the following spells:

 Spells                   Type           Power      Damage    Failure   Level
 Searing Ray              Conj           20%        2d5       10%         2
 Sublimation of Blood     Necr           0%         N/A       34%         2
 Wereblood                Tmut           0%         N/A       34%         2
 Dazzling Flash           Conj/Hex       10%        N/A       36%         3
 Fulminant Prism          Conj/Hex       2%         3d6       77%         4
 Iskenderun's Mystic Bla  Conj/Tloc      5%         2d3       77%         4
 Summon Hydra             Summ           0%         N/A       100%        7


Dungeon Overview and Level Annotations

Branches:
Dungeon (5/15)
 Temple: D:4-7

Altars:
Hepliaklqana


Innate Abilities, Weirdness & Mutations

You are too large for most types of armour.
You have claws for hands.
Your natural rate of healing is unusually fast.
You are covered in thick fur. (AC +2)
You have tough skin. (AC +1)
You are partially covered in iridescent scales. (AC +2)
You are agile. (Dex +2)


Message History

The scorpion stings you.
You are poisoned.
The scorpion poisons you!
You completely miss the scorpion.
The scorpion is heavily wounded.
You feel very sick. The scorpion stings you!
* * * LOW HITPOINT WARNING * * *
The scorpion misses you.
You scratch the scorpion but do no damage.
The scorpion is heavily wounded.
You feel sick. The scorpion stings you.
* * * LOW HITPOINT WARNING * * *
You are lethally poisoned!
The scorpion poisons you!
The jelly jiggles.
You claw the scorpion!
You kill the scorpion!
* * * LOW HITPOINT WARNING * * *
You feel very sick.
Unknown command.
* * * LOW HITPOINT WARNING * * *
You feel very sick.
It was a potion of mutation.
You feel extremely strange.
Your fur grows into a thick mane.
Iridescent scales grow over part of your body.
You feel agile.
* * * LOW HITPOINT WARNING * * *
You feel very sick. The jelly hits you but does no damage.
It was a potion of might.
You feel very mighty all of a sudden.
* * * LOW HITPOINT WARNING * * *
You feel very sick. The jelly closely misses you.
Unknown command.
It was a potion of haste.
You feel yourself speed up.
* * * LOW HITPOINT WARNING * * *
You feel sick. The jelly hits you.
You die...

.##### .....#
.....###############
....>'J............#
.....#############.#
.........#.......#.#
.......#.#.#.....#.#
.........#.#.#####.#
.....(..<'.....J@..#
.........#.#.#######
##.........#.#
#.#.........#
#..########### ..


You could see a jelly.

Vanquished Creatures
  2 scorpions
  2 orc priests (D:3)
  An iguana (D:4)
  2 orc wizards (D:3)
  3 adders
  4 dart slugs
  2 worms
  9 orcs
  9 endoplasms
  3 giant cockroaches
  4 goblins
  8 hobgoblins
  3 jackals (D:4)
  2 quokkas
  6 ball pythons
  10 bats
  2 frilled lizards (D:3)
  7 kobolds
  8 rats
87 creatures vanquished.

Vanquished Creatures (others)
  2 fungi (D:5)
2 creatures vanquished.

Grand Total: 89 creatures vanquished

Notes
Turn   | Place    | Note
-------+----------+-------------------------------------------
     0 | D:1      | sbbq2022 the Troll Conjurer began the quest for the Orb.
     0 | D:1      | Reached XP level 1. HP: 16/16 MP: 1/1
   176 | D:1      | Reached XP level 2. HP: 23/24 MP: 2/2
   196 | D:1      | Reached skill level 1 in Unarmed Combat
   632 | D:2      | Reached XP level 3. HP: 32/32 MP: 3/3
   770 | D:2      | Reached skill level 1 in Armour
   825 | D:2      | Reached skill level 1 in Fighting
   825 | D:2      | Reached skill level 2 in Unarmed Combat
   936 | D:2      | Found a hazy altar of Hepliaklqana.
   944 | D:2      | Reached XP level 4. HP: 41/41 MP: 4/4
  1045 | D:2      | Found a faded altar of an unknown god.
  1554 | D:3      | Reached XP level 5. HP: 48/48 MP: 5/5
  1564 | D:3      | Reached skill level 3 in Unarmed Combat
  2133 | D:4      | Reached XP level 6. HP: 33/57 MP: 6/6
  2781 | D:5      | Entered Level 5 of the Dungeon
  2867 | D:5      | Gained mutation: You are covered in thick fur. (AC +2)
                  | [potion of mutation]
  2867 | D:5      | Gained mutation: You are partially covered in iridescent
                  | scales. (AC +2) [potion of mutation]
  2867 | D:5      | Gained mutation: You are agile. (Dex +2) [potion of
                  | mutation]
  2869 | D:5      | HP: 2/57 [poisoned by a scorpion]
  2869 | D:5      | Slain by a jelly

Illustrated notes

Levels and vault maps discovered:
D:1:      dpeg_arrival_windows_large_door, layout_basic
D:2:      layout_rooms, basic_altar,
          dreamdust_ecumenical_altar_angels_and_demons, kennysheep_pointless_box
D:3:      layout_loops_cross
D:4:      layout_cave_pods
D:5:      old_forge, layout_basic, minmay_temple_entry_grid,
          serial_bayou_pond_d, grunt_ministairs_2, minmay_hollow_rounded_squares

Skill      XL: |  1  2  3  4  5 |
---------------+----------------+-----
Unarmed Combat | 1 2 3 |  3.9
Dodging        | 2 |  2.9
Armour         | 1 2 |  2.1
Fighting       | 1 2 |  2.1
Stealth        | |  1.0
Spellcasting   | |  1.2
Conjurations   | |  2.9

Action                   |  1- 3 |  4- 6 || total
-------------------------+-------+-------++-------
Melee: Unarmed           |   109 |   149 ||   258
       Punch             |       |     3 ||     3
  Use: Potion            |       |     3 ||     3
 Stab: Sleeping          |     2 |     2 ||     4
Armor: Robe              |    37 |    54 ||    91
Dodge: Dodged            |    38 |    59 ||    97

Table legend: (Time is in decaauts)
 A = Elapsed time spent in this place.
 B = Non-inter-level travel time spent in this place.
 C = Inter-level travel time spent in this place.
 D = Time resting spent in this place.
 E = Time spent auto-exploring this place.
 F = Levels seen in this place.
 G = Mean time per level.
                   A        B        C        D        E       F      G
               +--------+--------+--------+--------+--------+-----+--------+
         Total |   2857 |   2721 |    136 |     14 |   2086 |   5 |  571.4 |
       Dungeon |   2857 |   2721 |    136 |     14 |   2086 |   5 |  571.4 |
               +--------+--------+--------+--------+--------+-----+--------+

Top non-repeatable levels by time:
     D:4: 825 daAuts
     D:3: 758 daAuts
     D:1: 622 daAuts
     D:2: 563 daAuts
     D:5: 86 daAuts
